Map: Snowbound Colony

Players

Faust

  • Race: Protoss Protoss
  • League: Diamond
  • Spawn Location: 6:00

Cthulhu

  • Race: Zerg Zerg
  • Spawn Location: 7:00

Throwfordays

  • Race: Zerg Zerg
  • League: Silver
  • Spawn Location: 7:00

Romanoshky

  • Race: Terran Terran
  • League: Platinum
  • Spawn Location: 1:00

Kronus

  • Race: Terran Terran
  • League: Gold
  • Spawn Location: 1:00

ODISEO

  • Race: Protoss Protoss
  • League: Platinum
  • Spawn Location: 12:00

VOD

Have the link to the VOD?

Description

Time

  • Played on: March 1, 2019, 11:20 p.m.
  • Length: 5:44
Show
View Real Time Build Order
Export as new Build Order

Faust Protoss 

Build Orders: Double Forge, Nexus First 

Get SALT Encoding   

  12  0:01  Probe  
  13  0:13  Probe  
  14  0:43  Nexus  
  14  0:51  Pylon  
  14  0:56  Probe  
  15  1:12  Assimilator  
  15  1:13  Probe  
  15  1:17  Gateway  
  17  1:25  Probe  
  17  1:34  Probe  
  18  1:42  Probe  
  19  1:52  Probe  
  19  1:59  Probe  
  19  2:01  Probe  
  21  2:03  Pylon  
  21  2:07  Probe  
  22  2:09  Probe  
  22  2:15  Probe  
  24  2:18  Probe  
  26  2:25  Pylon  
  26  2:27  Cybernetics Core, Probe  
  26  2:28  Zealot  
  29  2:32  Probe  
  30  2:39  Probe  
  30  2:41  Probe  
  31  2:49  Probe  
  32  2:51  Probe  
  34  2:59  Zealot, Probe  
  34  3:04  Probe  
  38  3:06  Pylon  
  38  3:11  Warp Gate  
  38  3:14  Gateway  
  38  3:16  Gateway  
  38  3:18  Probe x2  
  40  3:21  Gateway  
  40  3:28  Twilight Council  
  40  3:30  Probe x2  
  42  3:36  Assimilator  
  42  3:40  Assimilator  
  42  3:52  Assimilator  
  42  3:59  Probe x2  
  42  4:01  Zealot  
  46  4:11  Probe x2  
  48  4:19  Stalker  
  48  4:20  Stalker x2  
  48  4:22  Probe  
  48  4:23  Probe  
  56  4:30  Probe  
  56  4:35  Probe  
  58  4:41  Nexus  
  58  4:42  Pylon  
  58  4:54  Forge, Pylon  
  58  4:56  Probe  
  58  4:57  Forge, Cybernetics Core, Probe  
  60  5:03  Adept x4  
  68  5:08  Probe  
  59  5:31  Adept x3, Stalker  
Show
View Real Time Build Order
Export as new Build Order

Cthulhu Zerg 

Build Orders: Hatch First 

Get SALT Encoding   

  12  0:01  Drone  
  13  0:17  Drone  
  14  0:23  Overlord  
  14  0:27  Extractor, Drone  
  15  0:50  Hatchery  
  15  0:53  Drone  
  15  1:12  Spawning Pool  
  14  1:30  Drone x2  
  16  1:33  Extractor  
  15  1:49  Drone x2  
  17  2:00  Drone  
  18  2:03  Queen  
  18  2:04  Queen, Drone  
  23  2:08  Overlord  
  23  2:15  Drone x2  
  25  2:27  Overlord  
  25  2:29  Drone  
  26  2:45  Evolution Chamber  
  25  2:52  Queen  
  25  2:55  Lair  
  27  3:08  Drone x5  
  27  3:11  Zergling x2  
  33  3:36  Queen  
  35  3:45  Zergling x2  
  35  3:46  Zergling x10  
  40  3:56  Drone  
  40  4:02  Extractor  
  40  4:09  Metabolic Boost  
  40  4:11  Queen  
  42  4:26  Drone  
  42  4:27  Overlord  
  40  4:40  Zergling x4  
  40  4:41  Drone  
  43  4:46  Overlord  
  43  4:48  Zergling x10  
  48  4:53  Queen  
  48  4:55  Queen  
  40  5:24  Zergling x2  
Show
View Real Time Build Order
Export as new Build Order

Throwfordays Zerg 

Build Orders: Hatch First 

Get SALT Encoding   

  12  0:01  Drone  
  13  0:12  Drone  
  14  0:39  Hatchery  
  14  0:41  Drone  
  14  0:46  Overlord  
  14  1:05  Spawning Pool  
  14  1:08  Drone  
  14  1:15  Drone  
  15  1:24  Drone  
  16  1:28  Drone  
  17  1:35  Drone  
  17  1:39  Extractor  
  17  1:43  Drone  
  18  1:51  Drone  
  19  1:58  Drone  
  19  2:00  Queen  
  22  2:04  Drone  
  23  2:14  Drone  
  24  2:23  Extractor, Queen  
  24  2:25  Drone  
  24  2:26  Drone x2  
  28  2:33  Overlord  
  28  2:40  Overlord  
  28  2:50  Queen  
  30  2:59  Queen, Drone  
  30  3:00  Drone  
  30  3:04  Drone  
  35  3:06  Drone  
  35  3:09  Drone  
  37  3:13  Drone x2  
  37  3:19  Zergling x4  
  41  3:26  Queen  
  43  3:30  Roach Warren  
  43  3:32  Zergling x2  
  43  3:35  Drone  
  43  3:36  Overlord  
  44  3:47  Overlord x2  
  44  3:57  Metabolic Boost  
  45  4:02  Drone  
  45  4:03  Drone x2  
  45  4:09  Drone x4  
  52  4:10  Drone x2  
  53  4:33  Evolution Chamber x2  
  53  4:36  Zergling x8  
  53  4:37  Zergling x4  
  56  4:40  Zergling x10  
  61  4:51  Hatchery  
  38  5:22  Zergling x8  
  38  5:23  Zergling x4  
  38  5:26  Zergling x6  
  38  5:27  Zergling x2  
Show
View Real Time Build Order
Export as new Build Order

Romanoshky Terran 

Build Orders: 1/1/1, 2 Factory, Banshee Rush 

Get SALT Encoding   

  12  0:00  SCV  
  13  0:13  SCV  
  14  0:19  Supply Depot  
  14  0:25  SCV  
  15  0:29  Refinery  
  15  0:40  SCV  
  16  0:47  Barracks  
  16  0:54  SCV  
  17  0:59  Refinery  
  17  1:09  SCV  
  18  1:22  SCV  
  19  1:35  Orbital Command  
  19  1:37  Factory  
  19  1:40  Barracks Reactor  
  19  1:58  Supply Depot  
  19  2:01  SCV  
  20  2:13  SCV  
  21  2:16  Marine x2  
  21  2:22  Factory Tech Lab  
  23  2:23  Factory  
  23  2:25  Starport  
  23  2:32  SCV  
  23  2:37  Marine x2  
  26  2:45  SCV  
  26  2:47  Supply Depot  
  26  2:51  Factory Tech Lab  
  27  2:54  Marine x2  
  29  3:12  Marine x2  
  33  3:13  Banshee  
  33  3:14  Cloaking Field  
  34  3:21  Siege Tank  
  37  3:30  Supply Depot  
  37  3:31  Marine  
  38  3:35  Marine  
  39  3:52  Marine  
  39  3:53  Marine  
  41  3:55  Siege Tank  
  41  4:01  Banshee  
  47  4:14  Marine x2, Supply Depot  
  49  4:28  Siege Tank  
  52  4:36  Marine x2  
  54  4:42  Supply Depot  
  54  5:00  Marine  
  54  5:01  Siege Tank  
Show
View Real Time Build Order
Export as new Build Order

Kronus Terran 

Build Orders:  

Get SALT Encoding   

  12  0:01  SCV  
  13  0:13  SCV  
  14  0:21  Supply Depot  
  14  0:32  SCV  
  15  0:45  SCV  
  15  0:48  Barracks  
  16  1:09  SCV  
  17  1:12  Barracks  
  17  1:13  Barracks  
  17  1:29  SCV  
  18  1:36  Barracks  
  18  1:37  Supply Depot  
  18  1:41  Marine  
  19  1:49  SCV  
  20  1:58  Supply Depot  
  20  2:06  Marine  
  21  2:11  Supply Depot  
  21  2:17  SCV  
  21  2:18  Marine  
  21  2:19  Marine  
  24  2:22  Marine  
  24  2:24  Marine  
  26  2:36  Marine, SCV  
  28  2:37  Refinery  
  28  2:39  Marine  
  28  2:43  Marine  
  30  2:51  Marine  
  30  2:54  Marine  
  30  2:57  Marine  
  33  3:06  Marine  
  33  3:09  Refinery, Orbital Command  
  33  3:12  Marine  
  35  3:15  Marine  
  36  3:20  Marine  
  36  3:25  Marine  
  38  3:30  Marine  
  38  3:33  Marine  
  40  3:38  Marine  
  41  3:43  Engineering Bay  
  41  3:48  Supply Depot  
  41  3:52  Marine  
  42  3:55  Marine  
  42  3:58  Marine  
  44  4:14  Engineering Bay  
  44  4:27  Barracks Reactor  
  43  4:32  Marine x2, Barracks Tech Lab  
  45  4:45  Barracks Tech Lab  
  45  4:49  Marine  
  45  4:50  Marine  
  47  5:02  Marine  
  48  5:07  Marine x2  
  50  5:22  Marine x2  
  50  5:25  Marine x2  
Show
View Real Time Build Order
Export as new Build Order

ODISEO Protoss 

Build Orders:  

Get SALT Encoding   

  12  0:02  Probe  
  13  0:14  Probe  
  14  0:19  Pylon  
  14  0:26  Probe  
  15  0:38  Probe  
  15  0:40  Gateway  
  16  0:49  Probe  
  16  0:54  Assimilator  
  16  0:57  Probe  
  18  1:06  Assimilator  
  18  1:07  Probe  
  19  1:19  Probe  
  19  1:23  Gateway  
  20  1:30  Cybernetics Core  
  20  1:35  Pylon  
  20  1:38  Probe  
  21  1:47  Assimilator  
  21  1:50  Probe  
  21  1:54  Pylon  
  22  2:02  Probe  
  23  2:11  Stalker  
  23  2:14  Stalker  
  27  2:29  Robotics Facility  
  27  2:41  Stalker  
  29  2:44  Warp Gate  
  29  2:45  Stalker  
  31  2:53  Pylon  
  31  3:06  Immortal  
  35  3:22  Stalker  
  37  3:27  Gateway  
  37  3:39  Warp Prism  
  39  4:16  Immortal  
  43  4:32  Nexus  
  43  4:39  Zealot x2  
  47  4:45  Pylon  
  41  5:19  Stalker  
  41  5:20  Stalker x2  
Tags
 
Add a new tag
Caveats
  • Supply blocks, unpowered buildings, or Contaminate may cause inaccurate times.
  • Supply counts are checked every 10 seconds.